Map: Proxima Station LE

Players

ByuN

  • Race: Terran Terran
  • Spawn Location: 1:00

soO - Winner!

  • Race: Zerg Zerg
  • Spawn Location: 7:00

VOD

Have the link to the VOD?

Description

Time

  • Played on: July 29, 2017, 1:36 a.m.
  • Length: 18:51
Show
View Real Time Build Order
Export as new Build Order

ByuN Terran 

Build Orders: Reaper Expand, Bio Mine 

Get SALT Encoding   

  12  0:00  SCV  
  13  0:12  SCV  
  14  0:17  Supply Depot  
  14  0:24  SCV  
  15  0:39  SCV  
  15  0:40  Barracks  
  16  0:44  Refinery  
  16  0:51  SCV  
  17  1:03  SCV  
  18  1:15  SCV  
  19  1:27  Orbital Command, Reaper  
  20  1:40  Command Center  
  20  1:50  Barracks  
  20  1:54  SCV  
  20  1:59  Barracks Reactor  
  21  2:04  Supply Depot  
  21  2:08  SCV  
  22  2:12  Refinery  
  22  2:20  SCV  
  23  2:23  Factory  
  23  2:32  SCV  
  24  2:37  Marine x2  
  24  2:38  Barracks Tech Lab  
  26  2:44  SCV  
  27  2:52  Orbital Command  
  27  2:56  SCV  
  27  2:58  Stimpack  
  28  3:02  Marine  
  28  3:03  Marine  
  30  3:08  Marine, SCV  
  32  3:19  Starport  
  32  3:21  Factory Reactor  
  32  3:22  SCV x2  
  32  3:27  Marine x2  
  34  3:30  Marine  
  37  3:34  SCV  
  37  3:35  SCV  
  37  3:39  Supply Depot  
  39  3:46  Marine  
  39  3:47  SCV x2  
  42  3:49  Marine  
  42  3:51  Marine  
  44  3:59  SCV x2  
  46  4:03  Medivac x2  
  46  4:04  Marine  
  46  4:07  Supply Depot  
  46  4:08  Marine x2  
  53  4:14  SCV  
  53  4:15  Refinery  
  54  4:23  Factory Tech Lab  
  54  4:28  Marine x2, SCV x2  
  59  4:33  Supply Depot  
  59  4:34  Supply Depot  
  61  4:40  SCV  
  61  4:45  SCV  
  61  4:46  Marine  
  61  4:47  Supply Depot  
  61  4:49  Marine  
  62  4:55  Siege Tank, Marine, Medivac, SCV  
  62  4:57  SCV, Medivac  
  72  5:04  Marine  
  73  5:07  SCV  
  73  5:08  Marine, Combat Shields  
  73  5:09  SCV  
  73  5:12  Marine  
  74  5:21  Marine  
  74  5:25  Liberator  
  74  5:26  Marine  
  74  5:30  Marine  
  74  5:32  Command Center  
  75  5:37  SCV x2  
  75  5:39  Marine  
  75  5:40  Supply Depot  
  75  5:42  Engineering Bay  
  78  5:43  Marine  
  78  5:44  Liberator  
  78  5:47  Engineering Bay  
  78  5:48  Marine  
  85  5:57  Marine  
  85  6:01  SCV, Marine  
  85  6:02  SCV, Supply Depot  
  90  6:06  Marine  
  91  6:13  SCV  
  91  6:14  SCV  
  91  6:16  Terran Infantry Armor Level 1, Terran Infantry Weapons Level 1  
  94  6:25  SCV  
  94  6:26  SCV  
  90  6:37  SCV  
  90  6:38  Marine, SCV  
  90  6:39  Marine, Refinery  
  91  6:42  Marine  
  91  6:45  Factory Reactor  
  91  6:46  Barracks  
  86  6:47  Barracks x2  
  86  6:49  SCV  
  86  6:50  SCV  
  86  6:53  Medivac x2  
  86  6:55  Orbital Command  
  86  6:56  Marine x2  
  86  6:59  Marine  
  89  7:12  SCV x2  
  89  7:14  Marine x2  
  93  7:16  Armory, Supply Depot  
  93  7:17  Marine  
  93  7:18  Orbital Command  
  95  7:28  Widow Mine x2  
  95  7:29  Medivac x2  
  98  7:32  Marine x2  
  98  7:35  Barracks Reactor, Marine  
  98  7:39  SCV  
  98  7:41  SCV  
  100  7:47  Supply Depot  
  100  7:50  Marine x2  
  100  7:51  SCV  
  105  7:52  Liberator x2  
  105  7:53  Marine  
  105  7:54  SCV  
  105  7:55  Barracks Reactor  
  105  7:56  Barracks Reactor, Widow Mine x2  
  106  7:59  SCV  
  106  8:02  Supply Depot  
  106  8:03  SCV  
  110  8:06  SCV  
  110  8:07  Marine  
  110  8:08  Marine  
  110  8:11  Marine  
  110  8:12  Marine x2  
  120  8:15  SCV  
  120  8:16  SCV, Factory  
  120  8:18  SCV  
  123  8:25  Marine  
  124  8:28  Marine  
  124  8:29  Marine  
  124  8:30  Marine x2  
  124  8:32  SCV  
  124  8:33  SCV x2, Refinery  
  124  8:34  Supply Depot  
  131  8:35  Widow Mine x2, Supply Depot  
  135  8:43  Marine, Supply Depot  
  135  8:45  Terran Infantry Weapons Level 2  
  135  8:46  Marine  
  137  8:52  Marine x2, Medivac  
  137  8:55  Marine x5  
  146  9:01  Marine  
  139  9:04  Marine  
  139  9:07  Widow Mine  
  142  9:10  Marine x2  
  142  9:11  Factory Tech Lab  
  142  9:13  Marine x5  
  142  9:15  Supply Depot  
  142  9:16  Widow Mine  
  145  9:28  Marine x4  
  145  9:30  Thor  
  145  9:31  Marauder, Marine x2, Command Center, Terran Infantry Armor Level 2  
  153  9:36  Widow Mine, Missile Turret  
  155  9:38  Barracks x2  
  155  9:41  Barracks  
  155  9:44  Marine x2, Widow Mine  
  159  9:45  Marine  
  159  9:46  Supply Depot  
  159  9:50  Drilling Claws  
  160  9:53  Marauder  
  160  9:57  Marine x3  
  160  9:58  Marine x2  
  165  10:02  Marine  
  165  10:04  Terran Vehicle And Ship Armor Level 1, Widow Mine  
  165  10:05  Missile Turret  
  168  10:09  Marine x2  
  168  10:13  Widow Mine  
  174  10:14  Marauder  
  174  10:17  Thor  
  174  10:18  Marine  
  181  10:21  Unknown  
  181  10:27  Barracks Reactor, Barracks Tech Lab  
  181  10:28  Barracks Reactor  
  181  10:29  Concussive Shells  
  181  10:32  Missile Turret  
  181  10:37  Marine x2  
  181  10:42  Supply Depot  
  181  10:43  Marauder, Marine x3, Supply Depot  
  186  10:50  Marauder  
  186  10:51  Marine x3  
  186  10:53  Widow Mine  
  186  10:54  Widow Mine  
  186  10:55  Marine x2  
  195  11:05  Marauder  
  195  11:11  Terran Infantry Weapons Level 3  
  197  11:12  Marauder  
  197  11:15  Unknown  
  197  11:16  Unknown  
  199  11:21  Missile Turret  
  199  11:32  Marine  
  197  11:33  Marine  
  197  11:34  Marauder, Missile Turret  
  197  11:35  Missile Turret  
  197  11:36  Marine  
  197  11:37  Marine x3  
  197  11:38  Marine  
  197  11:39  Marine x6, Widow Mine x2  
  192  11:45  Thor, Planetary Fortress  
  200  11:49  Marine, Medivac  
  200  11:51  Marine  
  179  11:54  Marine x2  
  179  11:55  Marine x2  
  179  11:56  Marauder  
  179  11:57  Marauder  
  179  11:58  Marine  
  187  12:04  Marine x2  
  187  12:05  Marine  
  187  12:07  Marine x3  
  138  12:09  Marine  
  138  12:12  Marine x2  
  138  12:13  Marine x2  
  136  12:15  Marine  
  136  12:17  Marauder  
  136  12:19  Marauder  
  136  12:21  Marine  
  136  12:22  Marine  
  129  12:23  Marine  
  129  12:24  Marine  
  129  12:25  Marine x2  
  129  12:28  Thor  
  129  12:29  Marine  
  128  12:32  Marine  
  128  12:33  Marine  
  128  12:34  Marine x2  
  128  12:35  Widow Mine x2  
  125  12:37  Marine  
  125  12:38  Marauder  
  125  12:39  Marine  
  125  12:40  Marauder  
  125  12:44  Marine x5  
  131  12:47  Marine  
  137  12:55  Marine  
  137  12:56  Marine x3  
  137  12:57  Sensor Tower  
  141  13:00  Marauder  
  141  13:01  Marauder, Terran Infantry Armor Level 3  
  145  13:10  Marine  
  145  13:11  Marine x5  
  151  13:13  Widow Mine x2  
  151  13:17  Marine x2  
  157  13:21  Marauder, Marine x2, Widow Mine  
  157  13:23  Marauder  
  165  13:27  Medivac  
  165  13:28  Medivac  
  169  13:40  Marine x10  
  178  13:42  Widow Mine x2  
  178  13:43  Marauder  
  178  13:44  Marauder  
  178  13:45  Liberator, Orbital Command, Refinery  
  185  13:55  Marine  
  185  13:56  Marine  
  185  13:57  Marine  
  185  13:58  Marine x4  
  195  14:08  Marauder  
  196  14:17  Supply Depot  
  196  14:18  Starport  
  196  14:20  Refinery  
  196  14:22  Refinery  
  196  14:23  Liberator  
  196  14:28  Liberator, Missile Turret  
  196  14:32  Missile Turret x2  
  196  14:44  Command Center  
  196  14:45  Command Center  
  188  14:46  Marine  
  175  14:53  Liberator  
  175  14:54  Marine x2  
  175  14:56  Marine x4  
  175  14:58  Orbital Command  
  171  15:06  Liberator  
  168  15:11  Liberator  
  164  15:15  Marine x4  
  164  15:16  Marine x5  
  164  15:17  Marauder x2  
  176  15:26  Widow Mine x2  
  186  15:30  SCV x3  
  186  15:33  Widow Mine  
  191  15:39  Marauder x2  
  195  15:45  Marine  
  191  15:54  Liberator, Unknown x2, Widow Mine x2  
  191  15:55  Unknown  
  192  15:58  Marine  
  192  16:00  Marauder x2  
  192  16:01  Widow Mine  
  186  16:07  Orbital Command, Marine  
  153  16:16  Marine  
  125  16:21  Marauder x2  
  125  16:23  Widow Mine x2  
  120  16:26  Marine  
  120  16:27  Marine x2  
  120  16:30  Widow Mine  
  124  16:39  Orbital Command  
  121  16:40  Orbital Command  
  121  16:43  Marauder x2  
  121  16:44  Marine  
  121  16:45  Marine, Medivac  
  129  16:47  Medivac  
  129  16:51  Widow Mine  
  133  17:02  Medivac  
  133  17:06  Marauder x2  
  133  17:07  Marine x4  
  133  17:08  Marine x3  
  146  17:15  Medivac  
  146  17:22  Widow Mine x2  
  126  17:23  Marine  
  98  17:35  Marauder x2, Marine x4  
  84  17:39  Marine x2  
  84  17:40  Marine x5  
  84  17:41  Marine  
  92  17:47  Refinery  
  92  17:56  Marauder x2  
  92  17:57  Marine  
  92  17:58  Marine  
  98  18:06  Marine  
  98  18:07  Marine  
  98  18:08  Marine x7  
  98  18:09  Marine  
  106  18:14  Widow Mine x3  
  106  18:18  Marauder x2  
  116  18:26  Marine x3  
  116  18:27  Marine x3  
Show
View Real Time Build Order
Export as new Build Order

soO Zerg - Winner!

Build Orders: Hatch First, Muta Ling Bane 

Get SALT Encoding   

  12  0:00  Drone  
  13  0:12  Overlord  
  13  0:16  Drone  
  14  0:30  Drone x2  
  14  0:34  Drone  
  17  0:54  Hatchery, Drone  
  17  1:09  Spawning Pool  
  17  1:11  Drone  
  17  1:14  Drone  
  18  1:33  Hatchery  
  18  1:36  Drone  
  18  1:43  Overlord  
  18  1:56  Queen  
  18  1:59  Drone  
  21  2:05  Queen  
  23  2:13  Zergling x2, Spine Crawler  
  23  2:18  Zergling x2  
  23  2:21  Drone x2  
  23  2:22  Drone  
  28  2:28  Extractor  
  28  2:29  Zergling x2  
  28  2:31  Drone  
  29  2:44  Drone  
  29  2:46  Queen  
  29  2:50  Queen  
  35  2:52  Drone  
  35  2:57  Overlord  
  36  3:01  Drone  
  36  3:02  Drone  
  36  3:05  Drone  
  39  3:07  Drone  
  39  3:09  Drone  
  39  3:11  Drone  
  42  3:15  Extractor x2, Drone  
  41  3:20  Drone x2  
  41  3:22  Drone  
  41  3:25  Drone  
  41  3:26  Drone  
  46  3:33  Drone x3  
  49  3:35  Overlord  
  49  3:39  Overlord  
  49  3:44  Drone  
  49  3:47  Overlord  
  50  3:53  Queen  
  50  3:54  Drone  
  53  3:57  Drone  
  53  3:58  Drone  
  53  3:59  Drone x2  
  53  4:00  Metabolic Boost  
  57  4:04  Drone  
  57  4:07  Evolution Chamber, Drone  
  57  4:09  Drone  
  60  4:10  Drone  
  60  4:14  Queen  
  62  4:18  Overlord  
  62  4:25  Drone x2  
  62  4:26  Overlord  
  62  4:27  Zergling x4  
  62  4:29  Overlord  
  66  4:36  Zerg Ground Armor Level 1, Queen  
  68  4:39  Zergling x2  
  68  4:44  Zergling x8  
  73  4:47  Zergling x4  
  73  4:49  Zergling x4  
  77  4:54  Queen  
  77  4:56  Zergling x6  
  77  4:59  Zergling x4  
  84  5:02  Overlord  
  84  5:04  Drone x2  
  85  5:16  Drone x2  
  81  5:22  Zergling x6  
  81  5:23  Zergling x10  
  81  5:24  Lair  
  81  5:25  Drone x2  
  91  5:29  Extractor, Drone  
  91  5:30  Extractor  
  91  5:32  Drone x2  
  91  5:34  Drone  
  91  5:35  Drone x2  
  95  5:39  Drone  
  95  5:40  Drone, Overlord  
  95  5:42  Baneling Nest, Overlord  
  96  5:44  Overlord  
  96  5:46  Overlord  
  96  5:51  Spore Crawler  
  96  5:54  Overlord  
  96  5:55  Drone x2  
  97  5:57  Extractor  
  97  6:01  Zergling x6  
  97  6:03  Drone  
  100  6:04  Zergling x6  
  100  6:05  Spore Crawler, Zergling x2  
  100  6:10  Drone x2  
  100  6:11  Drone x2  
  102  6:27  Zergling x6  
  102  6:28  Zergling x4  
  102  6:31  Zergling x2  
  102  6:32  Zergling x4  
  97  6:33  Zergling x2  
  97  6:39  Zergling x2  
  95  6:40  Zergling x6  
  95  6:41  Zergling x2  
  95  6:42  Zergling x4  
  95  6:50  Zergling x2  
  95  6:53  Zerg Ground Armor Level 2, Zergling x4  
  98  6:56  Evolution Chamber  
  98  7:01  Drone x2  
  98  7:05  Spire  
  97  7:12  Drone  
  97  7:14  Extractor, Drone x4  
  97  7:15  Drone x2  
  104  7:22  Drone  
  104  7:23  Drone x2  
  104  7:25  Extractor, Zerg Melee Weapons Level 1  
  104  7:26  Centrifical Hooks  
  104  7:29  Hatchery  
  103  7:34  Drone  
  103  7:35  Drone  
  104  7:38  Zergling x4  
  102  7:45  Drone x3  
  102  7:46  Hatchery  
  104  7:53  Drone x2  
  104  7:55  Overlord  
  106  8:00  Baneling  
  106  8:01  Baneling x3  
  106  8:08  Zergling x2  
  106  8:09  Zergling x12  
  113  8:18  Mutalisk x7  
  127  8:26  Overlord  
  124  8:35  Mutalisk x3  
  124  8:38  Overlord  
  130  8:44  Zergling x2  
  130  8:45  Zergling x18  
  130  8:48  Zerg Flyer Weapons Level 1  
  140  8:51  Overlord  
  140  8:53  Drone x2  
  140  8:55  Baneling x11  
  142  8:58  Drone  
  142  9:12  Zergling x6  
  141  9:17  Overseer, Pneumatized Carapace  
  141  9:20  Drone x6  
  141  9:21  Mutalisk x2  
  141  9:22  Overlord x2  
  141  9:23  Overlord  
  151  9:29  Infestation Pit  
  151  9:30  Drone  
  151  9:31  Drone x3  
  152  9:33  Extractor  
  152  9:37  Overlord  
  151  9:40  Zergling x2  
  151  9:41  Zergling x24  
  163  9:48  Drone  
  164  9:55  Zergling x14  
  164  9:56  Zergling x4  
  173  10:06  Hive  
  173  10:09  Zergling x22  
  173  10:13  Hatchery  
  183  10:14  Baneling x5  
  183  10:15  Baneling x2  
  183  10:19  Baneling  
  183  10:23  Spore Crawler  
  182  10:29  Zergling x2  
  182  10:30  Zergling x28  
  182  10:33  Baneling  
  182  10:34  Baneling x4  
  182  10:35  Zergling x6  
  198  10:38  Baneling  
  198  10:39  Baneling x7  
  198  10:40  Overseer x2  
  198  10:41  Overseer x2  
  199  10:46  Baneling  
  199  10:47  Baneling x2  
  199  10:59  Baneling x4  
  199  11:00  Baneling x7  
  199  11:19  Adrenal Glands  
  199  11:20  Zerg Ground Armor Level 3, Zerg Melee Weapons Level 2  
  199  11:21  Ultralisk Cavern  
  198  11:31  Baneling  
  198  11:32  Baneling x7  
  197  11:36  Zergling x8  
  182  11:41  Zergling x26  
  182  11:42  Zergling x6  
  197  11:52  Zergling x28  
  197  12:08  Zergling x10  
  172  12:11  Zergling x30  
  181  12:16  Mutalisk x2  
  178  12:27  Zergling x12  
  165  12:36  Ultralisk x2  
  166  12:38  Chitinous Plating  
  166  12:42  Overlord x4  
  166  12:46  Drone x2  
  166  12:49  Mutalisk  
  170  12:51  Baneling  
  170  12:52  Baneling x10  
  170  12:56  Overlord  
  170  13:01  Baneling x3  
  170  13:02  Ultralisk x2  
  170  13:04  Overseer  
  182  13:11  Corruptor x2  
  186  13:17  Drone x2  
  186  13:18  Drone  
  189  13:22  Overseer  
  189  13:26  Ultralisk  
  195  13:29  Hatchery  
  195  13:30  Baneling x4  
  195  13:31  Baneling x4  
  195  13:34  Baneling x4  
  194  13:45  Zergling x10  
  198  14:05  Zergling x2  
  199  14:11  Zerg Melee Weapons Level 3  
  199  14:13  Zerg Flyer Armor Level 1  
  199  14:18  Extractor  
  198  14:25  Baneling x5  
  198  14:26  Baneling x5  
  197  14:39  Hatchery  
  182  15:01  Ultralisk x2, Zergling x12  
  200  15:07  Burrow  
  190  15:15  Corruptor x5  
  197  15:22  Drone x3  
  197  15:23  Drone  
  197  15:25  Spine Crawler  
  197  15:26  Spine Crawler  
  197  15:27  Spore Crawler  
  197  15:29  Baneling x8  
  197  15:30  Baneling x2  
  197  15:46  Drone x2  
  197  15:50  Hatchery  
  197  15:53  Corruptor x2  
  199  16:03  Hatchery  
  168  16:11  Ultralisk x2  
  168  16:12  Ultralisk, Zergling x34  
  168  16:13  Zergling x6  
  168  16:18  Infestor x2  
  181  16:20  Ultralisk x2, Zergling x2  
  181  16:21  Zergling x2  
  186  16:34  Overseer x2  
  186  16:37  Baneling x4  
  182  16:41  Ultralisk, Zergling x12  
  194  16:48  Baneling  
  194  16:49  Baneling x5  
  191  17:11  Drone  
  191  17:12  Spine Crawler  
  191  17:16  Zergling x2  
  191  17:17  Zergling x16  
  188  17:29  Ultralisk x2, Zergling x18  
  183  17:30  Zergling x18  
  181  17:37  Ultralisk, Zergling x8  
  181  17:43  Overlord  
  191  17:44  Overlord  
  191  17:47  Extractor  
  190  17:54  Baneling x13  
  190  17:55  Baneling x6  
  184  18:07  Drone  
  184  18:08  Drone x2  
  187  18:16  Hatchery  
  186  18:23  Hatchery  
  186  18:24  Hatchery  
  186  18:26  Hatchery  
  179  18:30  Zergling x22  
Tags
 
Add a new tag
Caveats
  • Supply blocks, unpowered buildings, or Contaminate may cause inaccurate times.
  • Supply counts are checked every 10 seconds.